 Dungeon Crawl Stone Soup version 0.29.1-12-g30fa7ad0bf (webtiles) character file.

Game seed: 12373690635050585246

293 KittyFluff the Cudgeller (level 6, -5/38 HPs)
             Began as a Gargoyle Berserker on Jan 11, 2023.
             Was a Priest of Trog.
             Splashed by a jelly's acid (7 damage)
             ... on level 4 of the Dungeon.
             The game lasted 00:13:08 (3086 turns).

KittyFluff the Cudgeller (Gargoyle Berserker)       Turns: 3086, Time: 00:13:10

Health: -5/38      AC: -1    Str: 21    XL:     6   Next: 33%
Magic:  0/6        EV: 12    Int:  7    God:    Trog [***...]
Gold:   183        SH:  0    Dex: 11    Spells: 5/5 levels left

rFire   . . .      SeeInvis .   a - +0 mace
rCold   + . .      Faith    .   (no shield)
rNeg    + . .      Spirit   +   c - +0 leather armour
rPois   ∞          Reflect  .   g - +0 helmet
rElec   +          Harm     .   e - +0 cloak
rCorr   .          Rampage  .   (no gloves)
Will    .....                   (no boots)
Stlth   +.........              t - amulet of guardian spirit
HPRegen 0.12/turn               A - ring of protection from cold
MPRegen 0.10/turn               (no ring)

@: corroded
A: sickness immunity, AC +4, negative energy resistance 1, electricity
resistance, torment resistance 1, petrification resistance
a: Renounce Religion, Berserk, Trog's Hand


You were on level 4 of the Dungeon.
You worshipped Trog.
Trog was most pleased with you.
You visited 1 branch of the dungeon, and saw 4 of its levels.

You collected 183 gold pieces.

Inventory:

Hand Weapons
 a - a +0 mace (weapon)
 p - a +0 sling
 v - a +0 morningstar
Missiles
 d - 18 poisoned darts
 j - 32 stones (quivered)
 y - 2 silver javelins
Armour
 c - a +0 leather armour (worn)
 e - a +0 cloak (worn)
 g - a +0 helmet (worn)
 q - a scarf of repulsion
Jewellery
 o - a ring of fire
 t - an amulet of guardian spirit (around neck)
 A - a ring of protection from cold (left hand)
Wands
 f - a wand of light (3)
Scrolls
 b - 2 scrolls of vulnerability {unknown}
 l - a scroll of teleportation {unknown}
 m - 2 scrolls of brand weapon {unknown}
 n - a scroll of acquirement
 u - a scroll of amnesia {unknown}
 x - a scroll of identify
Potions
 h - a potion of might
 i - a potion of haste
 k - 5 potions of curing
 r - a potion of heal wounds
 s - 2 potions of flight
 w - a potion of ambrosia {unknown}
 z - a potion of invisibility {unknown}


   Skills:
 + Level 4.2 Fighting
 * Level 4.6 Maces & Flails
 * Level 4.5 Armour
 + Level 2.5 Dodging


You had 5 spell levels left.
You didn't know any spells.
Your spell library was empty.

Dungeon Overview and Level Annotations

Branches:
Dungeon (4/15)
 Temple: D:4-7

Altars:
Sif Muna

Shops:
D:3 *


Innate Abilities, Weirdness & Mutations

You are immune to sickness and miasma.
Your stone body is resilient. (AC +4)
You are immune to poison.
You resist negative energy. (rN+)
You are resistant to electric shocks. (rElec)
You are resistant to unholy torment.
You are immune to petrification.


Message History

The goblin hits you with a +0 club.
You sock the goblin!
You kill the goblin!
Trog accepts your kill.
Things that are here:
a +0 club; a goblin corpse You enter the shallow water.
Moving in this stuff is going to be slow.
A jelly comes into view.
The jelly quivers.
You thump the jelly!
Your hands burn!
The jelly is heavily wounded.
The jelly hits you but does no damage. The jelly barely misses you.
You hit the jelly.
Your hands burn!
The jelly is severely wounded.
The jelly hits you but does no damage.
You hit the jelly. The acid corrodes you!
Your hands burn!
The jelly is almost dead.
The jelly hits you but does no damage.
You hit the jelly but do no damage. The acid corrodes you!
Your hands burn!
The jelly is almost dead.
The jelly hits you but does no damage.
You hit the jelly but do no damage.
Your hands burn!
The jelly is almost dead.
The jelly hits you.
You are splashed with acid!
You hit the jelly.
Your hands burn!
* * * LOW HITPOINT WARNING * * *
The jelly is almost dead.
The jelly closely misses you.
You hit the jelly but do no damage.
Your hands burn!
* * * LOW HITPOINT WARNING * * *
The jelly is almost dead.
The jelly barely misses you.
You hit the jelly but do no damage.
Your hands burn!
* * * LOW HITPOINT WARNING * * *
The jelly is almost dead.
The jelly hits you.
* * * LOW HITPOINT WARNING * * *
The acid corrodes you!
You are splashed with acid!
You die...

.. ... ####### ...
...###.....## ..#
...#.......## ..#
#..........# ..#
#..........# .#
#..........# .##
♣~.J@.....# .~♣
♣~~♣♣♣~♣....# ♣~~~♣~...#
≈≈≈≈P~~~~~♣~~.#
~~~~~≈≈≈≈≈≈≈~~~~♣P~~♣~##
~P~P≈≈≈≈≈≈≈≈≈≈≈~~~~~P~~#
~♣~~≈≈≈≈≈≈≈≈≈≈≈≈P~~P~~♣~#
~~~~≈≈≈≈≈≈≈≈≈≈≈~~~~~~~♣♣#
P~~≈≈≈≈≈≈≈≈≈≈≈≈~P~~P~~~P#


You could see a jelly.

Vanquished Creatures
  A black bear (D:4)
  A jelly (D:4)
  A hound (D:4)
  An iguana (D:4)
  4 adders
  A dart slug (D:1)
  An orc (D:4)
  5 bats
  7 endoplasms
  4 giant cockroaches
  12 goblins
  9 hobgoblins
  5 quokkas
  5 ball pythons
  4 frilled lizards
  5 kobolds
  8 rats
74 creatures vanquished.

Vanquished Creatures (others)
  16 plants (D:4)
16 creatures vanquished.

Grand Total: 90 creatures vanquished

Notes
Turn   | Place    | Note
-------+----------+-------------------------------------------
     0 | D:1      | KittyFluff the Gargoyle Berserker began the quest for the
                  | Orb.
     0 | D:1      | Reached XP level 1. HP: 14/14 MP: 1/1
   231 | D:1      | Found a faded altar of an unknown god.
   507 | D:1      | Reached XP level 2. HP: 12/19 MP: 2/2
   826 | D:1      | Reached XP level 3. HP: 21/23 MP: 3/3
  1045 | D:1      | Reached ** piety under Trog
  1212 | D:2      | Found a shimmering blue altar of Sif Muna.
  1456 | D:2      | Reached XP level 4. HP: 29/29 MP: 4/4
  1735 | D:3      | Identified a scroll of acquirement
  2089 | D:3      | Found Gismet's Assorted Antiques.
  2414 | D:4      | Reached XP level 5. HP: 27/33 MP: 3/5
  2856 | D:4      | Reached *** piety under Trog
  3022 | D:4      | Noticed a black bear
  3037 | D:4      | Killed a black bear
  3038 | D:4      | Reached XP level 6. HP: 34/38 MP: 4/6
  3086 | D:4      | Splashed by a jelly's acid

Illustrated notes

Levels and vault maps discovered:
D:1:      lemuel_arrival_funnel, layout_loops_ring,
          ebering_ecumenical_altar_mist
D:2:      minmay_spotlight, layout_basic, basic_altar
D:3:      layout_loops_ring, serial_shops, shop
D:4:      layout_rooms, serial_bayou_lake_a

Skill      XL: |  1  2  3  4  5 |
---------------+----------------+-----
Armour         | 3 4 |  4.5
Dodging        | 2 |  2.5
Maces & Flails | 4 |  4.6
Fighting       | 4 |  4.2

Action                   |  1- 3 |  4- 6 || total
-------------------------+-------+-------++-------
Melee: Mace              |   132 |   157 ||   289
       Punch             |     2 |     1 ||     3
  Use: Scroll            |     4 |     3 ||     7
Armor: Animal skin       |    47 |       ||    47
       Leather armour    |    15 |    69 ||    84
Dodge: Dodged            |    90 |   112 ||   202
